 Dungeon Crawl Stone Soup version 0.22-a0-558-gc224181 (webtiles) character file.

21 inc the Skirmisher (level 2, -3/33 HPs)
             Began as an Ogre Hunter on June 26, 2018.
             Slain by an iguana (4 damage)
             ... on level 2 of the Dungeon.
             The game lasted 00:00:46 (1142 turns).

inc the Skirmisher (Ogre Hunter)                    Turns: 1142, Time: 00:00:47

Health: -3/33      AC:  3    Str: 15    XL:     2   Next: 87%
Magic:  2/2        EV: 10    Int: 12    God:
Gold:   25         SH:  0    Dex:  9    Spells: 1/1 levels left

rFire    . . .     SeeInvis .   a - +0 short sword
rCold    . . .     Gourm    .   (no shield)
rNeg     . . .     Faith    .   b - +0 robe
rPois    .         Spirit   .   (helmet restricted)
rElec    .         Reflect  .   (no cloak)
rCorr    .         Harm     .   (gloves unavailable)
MR       .....                  (boots unavailable)
Stlth    +.........             (no amulet)
HPRegen  0.11/turn              (no ring)
MPRegen  0.08/turn              (no ring)

@: no status effects
A: large, unfitting armour, tough skin 1
a: no special abilities


You were on level 2 of the Dungeon.
You were not hungry.

You visited 1 branch of the dungeon, and saw 2 of its levels.

You collected 25 gold pieces.

Inventory:

Hand Weapons
 a - a +0 short sword (weapon)
Missiles
 c - 4 large rocks (quivered)
 d - 2 throwing nets
Armour
 b - a +0 robe (worn)
Scrolls
 g - a scroll of random uselessness {unknown}
 h - a scroll of identify {unknown}
 i - a scroll of teleportation {unknown}
 m - 3 scrolls of enchant weapon {unknown}
Potions
 e - a potion of magic {unknown}
 j - a potion of brilliance {unknown}
 k - a potion of agility {unknown}
 l - a potion of curing {unknown}
Comestibles
 f - 3 rations


   Skills:
 + Level 4.4 Fighting
 - Level 4.0 Throwing
 - Level 1.7 Dodging
 - Level 0.6 Stealth


You had one spell level left.
You didn't know any spells.
Your spell library was empty.

Dungeon Overview and Level Annotations

Branches:
Dungeon (2/15)

Altars:


Innate Abilities, Weirdness & Mutations

You are too large for most types of armour.
You have tough skin. (AC +1)


Message History

You are too injured to fight recklessly!
You are too injured to fight recklessly!
You are too injured to fight recklessly!
You are too injured to fight recklessly!
You are too injured to fight recklessly!
You are too injured to fight recklessly!
You are too injured to fight recklessly!
You are too injured to fight recklessly!
You are too injured to fight recklessly!
You are too injured to fight recklessly!
You are too injured to fight recklessly!
Throwing (i - inventory. (/) - cycle)
c - 5 large rocks (quivered)
Press: ? - help, Shift-Dir - straight line, f - iguana
Aim: an iguana (heavily wounded)
You throw a large rock.
The large rock closely misses the iguana.
The iguana bites you!
* * * LOW HITPOINT WARNING * * *
The iguana bites you.
You die...

#.#.# #..# ....# ##..#
..# #...# ..# ###.#.###
..# #...#...#
.#####.#####.# .#
#.....#[..# .#
#.###.#.#.###### .# #.#
...#....@.#
.###)####..#..###l.?....
......# #.....# ...####
.###..# ##.#..# ...# .#
#..# #..... $..# .# #..#
###### ##.# .# #..# .#
.. ...# ## .. ....


You could see an iguana.

Vanquished Creatures
  A dart slug (D:1)
  A leopard gecko (D:1)
  4 bats
  2 giant cockroaches (D:1)
  2 goblins (D:1)
  A hobgoblin (D:1)
  2 jackals (D:1)
  A kobold (D:1)
  3 rats
17 creatures vanquished.

Notes
Turn   | Place    | Note
-------+----------+-------------------------------------------
     0 | D:1      | inc the Ogre Hunter began the quest for the Orb.
     0 | D:1      | Reached XP level 1. HP: 22/22 MP: 1/1
   317 | D:1      | Reached XP level 2. HP: 24/31 MP: 2/2
  1142 | D:2      | HP: 1/33 [iguana (9)]
  1142 | D:2      | Slain by an iguana

Vault maps used:
D:1:      dpeg_arrival_simpleton_b

Skill      XL: |  1  2 |
---------------+-------+-----
Fighting       | 3 4 |  4.4
Throwing       | |  4.0
Dodging        | |  1.7
Stealth        | |  0.6

Action                   || total
-------------------------++-------
Melee: Short sword       ||    94
Throw: Large rock        ||     1
  Eat: Chunk             ||     1
Armor: Robe              ||    46
Dodge: Dodged            ||    76

Table legend:
 A = Spawn XP
 B = Non-spawn XP
 C = Spawn XP percentage of total XP
 D = Spawn monster count
 E = Non-spawn monster count
 F = Spawn count percentage of total count
 G = Total turns spent on level
                    A         B        C        D         E        F      G
               +---------+---------+-------+---------+---------+-------+---------
         Total |       0 |      31 |   0.0 |       0 |      17 |   0.0 |  1142
               +---------+---------+-------+---------+---------+-------+---------
           D:1 |       0 |      28 |   0.0 |       0 |      15 |   0.0 |  1080
           D:2 |       0 |       3 |   0.0 |       0 |       2 |   0.0 |    62
               +---------+---------+-------+---------+---------+-------+---------
